 Dungeon Crawl Stone Soup version 0.20-a0-681-gf83e07f (webtiles) character file.

95 Alarkh the Slasher (level 4, -1/35 HPs)
             Began as a Mummy Chaos Knight on Feb 18, 2017.
             Slain by Sigmund
             ... wielding a +0 scythe of venom
              (4 damage)
             ... on level 2 of the Dungeon.
             The game lasted 00:03:21 (2199 turns).

Alarkh the Slasher (Mummy Chaos Knight)             Turns: 2199, Time: 00:03:22

Health: -1/35      AC:  6    Str: 15    XL:     4   Next: 39%
Magic:  4/4        EV: 10    Int: 12    God:    Xom [.....*]
Gold:   121        SH:  3    Dex: 11    Spells: 1/3 levels left

rFire    x . .     SeeInvis .   b - +1 dagger (venom)
rCold    + + .     Gourm    .   l - +2 leather armour
rNeg     + + +     Faith    .   h - +0 buckler
rPois    ∞         Spirit   .   i - +0 helmet
rElec    .         Reflect  .   k - scarf {rC+}
rCorr    .         Harm     .   (no gloves)
MR       .....                  (no boots)
Stlth    +.........             (no amulet)
Regen    0.2/turn               (no ring)
MPRegen  0.1/turn               (no ring)

@: no status effects
A: no food or potions, fire vulnerability, cold resistance 1, negative energy
resistance 3, torment resistance, unbreathing
a: Renounce Religion


You were on level 2 of the Dungeon.
You worshipped Xom.
You were Xom's teddy bear.
You were not hungry.

You visited 1 branch of the dungeon, and saw 2 of its levels.

You collected 121 gold pieces.

Inventory:

Hand Weapons
 a - a +0 falchion of chaos
 b - a +1 dagger of venom (weapon)
Armour
 h - a +0 buckler (worn)
 i - a +0 helmet (worn)
 k - a scarf of cold resistance (worn)
 l - a +2 leather armour (worn)
Wands
 j - a wand of flame (20/48)
Scrolls
 d - a scroll of blinking
 e - a scroll of identify
 f - a scroll of amnesia
 g - a scroll of teleportation
Books
 c - a book of Geomancy

   Spells                             Type                      Level
   a - Sandblast                      Earth                        1
   b - Passwall                       Transmutation/Earth          2
   c - Stone Arrow                    Conjuration/Earth            3
   d - Petrify                        Transmutation/Earth          4
   e - Lee's Rapid Deconstruction     Earth                        5


   Skills:
 - Level 3.0 Fighting
 + Level 4.3 Long Blades
 - Level 1.5 Armour
 - Level 0.7 Dodging


You had one spell level left.
You knew the following spells:

 Your Spells              Type           Power        Failure   Level  Hunger
e - Passwall              Tmut/Erth      #.........   89%         2    N/A

Dungeon Overview and Level Annotations

Branches:
Dungeon (2/15)

Altars:
Xom

Annotations:
D:2 Sigmund


Innate Abilities, Weirdness & Mutations

You do not eat or drink.
Your flesh is vulnerable to fire.
You are immune to poison.
Your flesh is cold resistant. (rC+)
You are immune to negative energy. (rN+++)
You are immune to unholy pain and torment.
You can survive without breathing.


Message History

The puff of flame hits you! The fire burns you terribly!
Xom thinks this is hilarious!
You closely miss Sigmund.
Sigmund gestures wildly while chanting.
Sigmund flickers and vanishes!
Deactivating autopickup; reactivate with Ctrl-A.
Your shield prevents you from hitting something.
You hear some strange, mumbled words.
Something tries to affect you, but you resist.
You closely miss something.
You hear some strange, mumbled words.
A puff of flame appears from out of thin air!
The puff of flame hits you! The fire burns you terribly!
Xom roars with laughter!
* * * LOW HITPOINT WARNING * * *
You hit something. Something hits you!
* * * LOW HITPOINT WARNING * * *
You hit something. Something hits you.
You die... "Boring in life, boring in death..."

#..###.## #.# ###
#.# ########) #..#
#.#**#.#
##.###.############
#.## #..,,..#
#..................
#.# ####*###
##.################
#.# #.#
#.#*****########†#
#..,,,,,......!..#
#.#*****########.#
#.# ******#@#
#.#******#$....{.#
#<.,,,,,,..#######
************


There were no monsters in sight!

Vanquished Creatures
  3 adders (D:2)
  3 dart slugs (D:1)
  5 giant cockroaches
  13 goblins
  6 hobgoblins
  4 jackals (D:1)
  5 kobolds
  3 bats
  2 frilled lizards (D:1)
  6 rats
50 creatures vanquished.

Vanquished Creatures (collateral kills)
  Robin (D:2)
  2 goblins (D:2)
3 creatures vanquished.

Vanquished Creatures (others)
  A leopard gecko (D:1)
  A giant cockroach (D:1)
  A goblin (D:1)
3 creatures vanquished.

Grand Total: 56 creatures vanquished

Notes
Turn   | Place    | Note
-------+----------+-------------------------------------------
     0 | D:1      | Alarkh the Mummy Chaos Knight began the quest for the Orb.
     0 | D:1      | Reached XP level 1. HP: 18/18 MP: 1/1
    42 | D:1      | XOM: potion effect (haste)
   174 | D:1      | XOM: mild Pois miscast
   226 | D:1      | XOM: god gift: 53 gold pieces
   249 | D:1      | Reached skill level 3 in Long Blades
   249 | D:1      | Reached XP level 2. HP: 14/24 MP: 2/2
   261 | D:1      | XOM: god gift: book of Geomancy
   515 | D:1      | XOM: destruction
   601 | D:1      | XOM: divination: detect creatures
   728 | D:1      | Reached XP level 3. HP: 28/29 MP: 3/3
   732 | D:1      | Learned a level 2 spell: Passwall
   944 | D:1      | XOM is BORED!
   944 | D:1      | XOM: mild Erth miscast
  1450 | D:2      | XOM: scenery: create altars
  1880 | D:2      | Reached skill level 4 in Long Blades
  1909 | D:2      | Noticed Robin
  1909 | D:2      | Reached XP level 4. HP: 16/35 MP: 4/4
  1922 | D:2      | XOM: summons 3 friendly demons
  1933 | D:2      | Killed Robin
  2011 | D:2      | XOM: god gift: 8 javelins of penetration
  2133 | D:2      | XOM: divination: magic mapping
  2176 | D:2      | XOM: scenery: create altars
  2189 | D:2      | Noticed Sigmund
  2199 | D:2      | Slain by Sigmund

Vault maps used:
D:1:      dpeg_arrival_stone_temple_mockup, nrook_uturn, minmay_surrounded
D:2:      uniq_robin, uniq_sigmund

Skill      XL: |  1  2  3 |
---------------+----------+-----
Long Blades    | 3 4 |  4.3
Fighting       | |  3.0
Armour         | |  1.5
Dodging        | |  0.7

Action                   |  1- 3 |  4- 6 || total
-------------------------+-------+-------++-------
Melee: Falchion          |   158 |    31 ||   189
       Dagger            |       |     8 ||     8
 Cast: Passwall          |     2 |       ||     2
  Use: Scroll            |       |     3 ||     3
 Stab: Paralysed         |       |     1 ||     1
Armor: Leather armour    |    76 |     7 ||    83
Dodge: Dodged            |    88 |    14 ||   102
Block: Buckler           |    11 |     4 ||    15
       Rpst.: Falchion   |    23 |     6 ||    29
